Map: Persephone LE

Players

Harstem

  • Race: Protoss Protoss
  • League: Grandmaster
  • Spawn Location: 11:00

STZsOs (sOs) - Winner!

  • Race: Protoss Protoss
  • Spawn Location: 7:00

Event: HomeStory Cup XXVII

VOD

Have the link to the VOD?

Description

Time

  • Played on: June 28, 2025, 2:47 p.m.
  • Length: 5:35

All games in this series

Show
View Real Time Build Order
Export as new Build Order

Harstem Protoss 

Build Orders:  

Get SALT Encoding   

  12  0:00  Probe  
  13  0:12  Probe  
  14  0:17  Pylon  
  14  0:24  Probe  
  15  0:32  Probe  
  15  0:37  Gateway  
  15  0:40  Probe  
  16  0:45  Assimilator  
  17  0:51  Probe  
  17  0:54  Assimilator  
  18  0:59  Probe  
  19  1:07  Probe  
  19  1:08  Gateway  
  20  1:17  Probe  
  20  1:24  Cybernetics Core  
  21  1:29  Probe  
  22  1:39  Pylon  
  22  1:41  Probe  
  23  1:57  Probe  
  23  2:00  Adept  
  23  2:01  Adept  
  28  2:02  Warp Gate  
  28  2:09  Robotics Facility  
  28  2:16  Pylon  
  28  2:30  Adept  
  28  2:31  Adept  
  31  2:40  Gateway  
  31  2:46  Warp Prism  
  33  3:00  Sentry  
  35  3:17  Immortal, Pylon  
  39  3:32  Pylon  
  39  3:57  Sentry  
  39  3:58  Stalker x2  
  49  4:09  Pylon, Warp Prism  
  47  4:21  Stalker x2  
  49  4:27  Stalker  
  51  4:44  Stalker x2  
  53  5:07  Stalker x2  
  53  5:09  Stalker  
  53  5:13  Pylon  
Show
View Real Time Build Order
Export as new Build Order

STZsOs Protoss - Winner!

Build Orders: Proxy Void Ray 

Get SALT Encoding   

  12  0:00  Probe  
  13  0:12  Probe  
  14  0:17  Pylon  
  14  0:23  Probe  
  15  0:31  Probe  
  15  0:36  Gateway  
  15  0:39  Probe  
  16  0:45  Assimilator  
  17  0:51  Probe  
  18  0:57  Pylon  
  18  0:59  Probe  
  19  1:04  Assimilator  
  19  1:07  Probe  
  20  1:17  Probe  
  20  1:24  Cybernetics Core  
  21  1:29  Probe  
  21  1:30  Zealot  
  24  1:41  Probe  
  25  1:53  Probe  
  26  2:01  Sentry  
  26  2:04  Warp Gate  
  28  2:11  Probe  
  28  2:15  Nexus  
  29  2:22  Stalker  
  29  2:29  Pylon  
  31  2:43  Stargate  
  31  2:47  Shield Battery  
  31  2:49  Stalker  
  33  3:02  Shield Battery  
  33  3:11  Shield Battery  
  33  3:18  Void Ray  
  33  3:21  Shield Battery  
  35  3:37  Gateway  
  35  3:40  Probe x2  
  36  3:55  Void Ray  
  40  4:05  Sentry  
  42  4:18  Probe  
  42  4:19  Probe  
  42  4:20  Shield Battery  
  44  4:31  Probe  
  45  4:32  Shield Battery  
  45  4:33  Shield Battery  
  45  4:34  Void Ray  
  49  4:41  Adept  
  51  4:49  Pylon  
  51  4:51  Adept  
  53  5:09  Pylon  
  57  5:17  Adept  
  57  5:19  Adept  
Tags
 
Matchup
PvP
Replay Pack
hsc27
Spawn Locations
Close Positions
Add a new tag
Caveats
  • Supply blocks, unpowered buildings, or Contaminate may cause inaccurate times.
  • Supply counts are checked every 10 seconds.